 Dungeon Crawl Stone Soup version 0.31-a0-521-gc7390f8997 (webtiles) character file.

Game seed: 4303909101143296334

83 GloriousHammer the Sneak (level 4, -4/24 HPs)
             Began as a Kobold Enchanter on Aug 10, 2023.
             Slain by an ogre
             ... wielding a +0 giant club
              (20 damage)
             ... on level 4 of the Dungeon.
             The game lasted 00:05:43 (2674 turns).

GloriousHammer the Sneak (Kobold Enchanter)         Turns: 2674, Time: 00:05:43

Health: -4/24      AC:  5    Str:  5    XL:     4   Next: 71%
Magic:  8/8        EV: 15    Int: 16    God:
Gold:   165        SH:  0    Dex: 17    Spells: 6/8 levels left

rFire   . . .        a - +1 dagger
rCold   . . .        (no shield)
rNeg    . . .        b - +0 robe
rPois   .            (no helmet)
rElec   .            n - +0 cloak
rCorr   .            d - +0 pair of gloves
SInv    .            x - +0 pair of boots
Will    .....        (no amulet)
Stlth   ++++         (no ring)
HPRegen 0.24/turn    (no ring)
MPRegen 0.11/turn

%: no passive effects
@: no status effects
A: small, no large weapons, nightstalker 3
a: no special abilities


You were on level 4 of the Dungeon.
You visited 1 branch of the dungeon, and saw 5 of its levels.

You collected 165 gold pieces.

Inventory:

Hand Weapons
 a - a +1 dagger (weapon)
Missiles
 o - 11 poisoned darts
Armour
 b - a +0 robe (worn)
 d - a +0 pair of gloves (worn)
 n - a +0 cloak (worn)
 u - a +0 buckler
 x - a +0 pair of boots (worn)
Wands
 r - a wand of polymorph (8)
 y - a wand of iceblast (10)
Scrolls
 e - 2 scrolls of noise {unknown}
 g - 2 scrolls of vulnerability {unknown}
 h - a scroll of immolation {unknown}
 i - a scroll of revelation {unknown}
 k - 2 scrolls of amnesia {unknown}
 m - 6 scrolls of teleportation {unknown}
 p - 3 scrolls of summoning {unknown}
 q - a scroll of poison {unknown}
 s - a scroll of identify {unknown}
 t - a scroll of enchant weapon {unknown}
 w - a scroll of fear {unknown}
Potions
 c - 2 potions of invisibility
 f - a potion of curing {unknown}
 j - a potion of mutation {unknown}
 l - a potion of berserk rage {unknown}
 v - a potion of attraction {unknown}


   Skills:
 + Level 2.6 Short Blades
 - Level 2.4 Dodging
 * Level 5.5 Stealth
 + Level 2.8 Spellcasting
 + Level 3.5 Hexes


You had 6 spell levels left.
You knew the following spells:

 Your Spells              Type           Power      Damage    Failure   Level
a - Ensorcelled Hibernat  Hex/Ice        14%        N/A       14%         2

Your spell library contained the following spells:

 Spells                   Type           Power      Damage    Failure   Level
 Confusing Touch          Hex            13%        N/A       14%         3
 Tukima's Dance           Hex            13%        N/A       14%         3
 Dazzling Flash           Conj/Hex       14%        N/A       28%         3


Dungeon Overview and Level Annotations

Branches:
Dungeon (5/15)
 Temple: D:4-7

Altars:
Ashenzari
Okawaru
Zin

Shops:
D:2 (

Annotations:
D:1 dig vault


Innate Abilities, Weirdness & Mutations

You are small and have problems with some larger weapons.
You are completely attuned to the shadows.


Message History

You now have 126 gold pieces (gained 9).
You now have 132 gold pieces (gained 6).
You now have enough gold to buy a +1 rapier of venom on D:2.
You can access your shopping list by pressing '$'.
You now have 142 gold pieces (gained 10).
Found a stone staircase leading up.
There is a stone staircase leading up here.
You now have 153 gold pieces (gained 11).
You now have 165 gold pieces (gained 12).
k - 2 scrolls labelled YCUSOL REEGOU (gained 1)
You see here a +0 pair of boots.
Done exploring.
Done exploring.
You see here a +0 pair of boots.
You start putting on your armour.
You continue putting on your +0 pair of boots. x4
You finish putting on your +0 pair of boots.
Done exploring.
Done exploring.
There is a stone staircase leading down here.
Things that are here:
a stone; a +0 whip You climb downwards.
There is a stone staircase leading up here.
A goblin comes into view. It is wielding a +0 club.
A goblin is nearby!
A goblin is nearby!
The helpless goblin fails to defend itself.
You impale the goblin!!
You kill the goblin!
You see here a +0 club.
You see here a +0 club.
A hobgoblin comes into view.
The hobgoblin shouts!
A hobgoblin is nearby!
A hobgoblin is nearby!
You barely miss the hobgoblin. The hobgoblin barely misses you.
You hit the hobgoblin.
The hobgoblin is moderately wounded.
You hit the hobgoblin.
The hobgoblin is heavily wounded.
The hobgoblin barely misses you.
You hit the hobgoblin but do no damage.
The hobgoblin is heavily wounded.
The hobgoblin misses you.
You hit the hobgoblin but do no damage.
The hobgoblin is heavily wounded.
The hobgoblin barely misses you.
You hit the hobgoblin but do no damage.
The hobgoblin is heavily wounded.
The hobgoblin hits you but does no damage.
You hit the hobgoblin.
The hobgoblin is almost dead.
The hobgoblin barely misses you.
You barely miss the hobgoblin.
The hobgoblin is almost dead.
The hobgoblin completely misses you.
You barely miss the hobgoblin.
The hobgoblin is almost dead.
You hit the hobgoblin but do no damage.
The hobgoblin is almost dead.
The hobgoblin barely misses you.
You hit the hobgoblin.
You kill the hobgoblin!
An endoplasm comes into view.
The endoplasm moves out of view.
An endoplasm is nearby!
An endoplasm is nearby!
An endoplasm is nearby!
The endoplasm barely misses you.
You hit the endoplasm.
The endoplasm is moderately wounded.
The endoplasm freezes you.
You are frozen.
You hit the endoplasm.
The endoplasm is heavily wounded.
The endoplasm hits you but does no damage.
You completely miss the endoplasm.
The endoplasm is heavily wounded.
The endoplasm completely misses you.
You hit the endoplasm.
The endoplasm is severely wounded.
The endoplasm barely misses you.
You hit the endoplasm.
You kill the endoplasm!
HP restored.
Found a stone staircase leading up.
There is a stone staircase leading up here.
Found a robe.
y - a wand of iceblast (10)
An ogre comes into view. It is wielding a +0 giant club.
An ogre is nearby!
The ogre hits you with a +0 giant club!
You hit the ogre.
The ogre is lightly wounded.
You hit the ogre.
The ogre is moderately wounded.
The ogre hits you with a +0 giant club!!
Ouch! That really hurt!
You die...

#.######.##.## #.#
#.#...##### #.#
#.........# #.#
###...###<# #.###
##.## #.# #...# #.#
#.# ###.# .#. #.# ..
#.# ...####.##.. #.#
...O@.#..... ###.##
...##.#..... #....#
...####.......
#.#..##..###.######[.
#.#...........## ..
#.#.###........####
#########
#.#.#.#.#.#.#.#.#.##
#.......#
#.........<........#
.♣##.##♣.
....#.#.#.#.#.#.#.#.##
##...##.


You could see an ogre.

Vanquished Creatures
  2 adders
  A worm (D:2)
  A dart slug (D:4)
  6 ball pythons
  6 endoplasms
  4 giant cockroaches
  5 goblins
  2 hobgoblins
  11 kobolds
  3 quokkas
  7 bats
  5 frilled lizards
  4 rats
57 creatures vanquished.

Notes
Turn   | Place    | Note
-------+----------+-------------------------------------------
     0 | D:1      | GloriousHammer the Kobold Enchanter began the quest for the
                  | Orb.
     0 | D:1      | Reached XP level 1. HP: 10/10 MP: 3/3
   164 | D:1      | Reached XP level 2. HP: 13/15 MP: 5/5
   345 | D:1      | Learned a level 2 spell: Ensorcelled Hibernation
   415 | D:1      | Reached XP level 3. HP: 19/19 MP: 6/6
   975 | D:2      | Reached skill level 5 in Stealth
  1079 | D:2      | Reached XP level 4. HP: 24/24 MP: 7/7
  1090 | D:2      | Found Noanant's Weapon Shoppe.
  1717 | D:3      | Found a faded altar of an unknown god.
  1887 | D:3      | Found a faded altar of an unknown god.
  1892 | D:3      | Found a faded altar of an unknown god.
  1893 | D:3      | Found an iron altar of Okawaru.
  1894 | D:3      | Found a glowing silver altar of Zin.
  1900 | D:3      | Found a broken altar of Ashenzari.
  1911 | D:3      | You fall into a shaft and drop 2 floors!
  1911 | D:5      | Entered Level 5 of the Dungeon
  2670 | D:4      | Noticed an ogre
  2674 | D:4      | Slain by an ogre

Illustrated notes

Levels and vault maps discovered:
D:1:      elethiomel_arrival_infinity_welcomes_careful_drivers, layout_rooms,
          serial_forest, infiniplex_forest_corner_1,
          infiniplex_forest_side_room, infiniplex_forest_corner_1,
          infiniplex_forest_lined_room_2, minmay_surrounded
D:2:      layout_rooms, serial_shops, shop
D:3:      layout_loops_ring, chequers_temple_overflow_minitemple,
          ebering_ecumenical_altar_mist
D:4:      layout_loops_ring, minmay_temple_entry_statues, grunt_ministairs_11,
          st_stairs_12
D:5:      layout_loops_ring, grunt_temple_overflow_holy_war, minmay_liquid_box,
          uniq_blork_the_orc

Skill      XL: |  1  2  3 |
---------------+----------+-----
Short Blades   | 2 |  2.6
Stealth        | 5 |  5.5
Dodging        | |  2.4
Spellcasting   | |  2.8
Hexes          | |  3.5

Action                     |  1- 3 |  4- 6 || total
---------------------------+-------+-------++-------
  Melee: Dagger            |   103 |    85 ||   188
         Punch             |     1 |     1 ||     2
   Cast: Ensorcelled Hiber |       |     1 ||     1
   Stab: Sleeping          |    16 |     9 ||    25
 Armour: Robe              |    13 |    16 ||    29
  Dodge: Dodged            |    68 |    52 ||   120

Table legend: (Time is in decaauts)
 A = Elapsed time spent in this place.
 B = Non-inter-level travel time spent in this place.
 C = Inter-level travel time spent in this place.
 D = Time resting spent in this place.
 E = Time spent auto-exploring this place.
 F = Levels seen in this place.
 G = Mean time per level.
                   A        B        C        D        E       F      G
               +--------+--------+--------+--------+--------+-----+--------+
         Total |   2653 |   2577 |     76 |      0 |   1869 |   5 |  530.6 |
       Dungeon |   2653 |   2577 |     76 |      0 |   1869 |   5 |  530.6 |
               +--------+--------+--------+--------+--------+-----+--------+

Top non-repeatable levels by time:
     D:1: 835 daAuts
     D:3: 761 daAuts
     D:2: 689 daAuts
     D:4: 306 daAuts
     D:5: 60 daAuts
